 Dungeon Crawl Stone Soup version 0.30.1-1-g62c8e00024 (webtiles) character file.

Game seed: 1563329432437001192

595 cdecastro the Cudgeller (level 7, -27/71 HPs)
             Began as a Troll Fighter on July 16, 2023.
             Annihilated by an ogre
             ... wielding a +0 giant spiked club
              (33 damage)
             ... on level 5 of the Dungeon.
             The game lasted 00:06:33 (3504 turns).

cdecastro the Cudgeller (Troll Fighter)             Turns: 3504, Time: 00:06:34

Health: -27/71     AC:  4    Str: 25    XL:     7   Next: 17%
Magic:  6/6        EV:  9    Int:  4    God:
Gold:   214        SH:  8    Dex: 11    Spells: 6/6 levels left

rFire   . . .        (no weapon)
rCold   . . .        c - +0 kite shield
rNeg    . . .        b - +0 robe
rPois   .            (helmet restricted)
rElec   .            (no cloak)
rCorr   +            (gloves unavailable)
SInv    .            (boots unavailable)
Will    .....        (no amulet)
Stlth   +            m - ring of resist corrosion
HPRegen 1.11/turn    (no ring)
MPRegen 0.10/turn

%: no passive effects
@: mighty
A: large, unfitting armour, claws 3, regeneration 1, shaggy fur 1, tough skin 1
a: no special abilities


You were on level 5 of the Dungeon.
You visited 1 branch of the dungeon, and saw 5 of its levels.

You collected 214 gold pieces.

Inventory:

Hand Weapons
 a - a +0 flail
Missiles
 o - 3 poisoned darts (quivered)
 w - a throwing net
 x - 3 boomerangs
Armour
 b - a +0 robe (worn)
 c - a +0 kite shield (worn)
 s - a +0 cloak
Jewellery
 m - a ring of resist corrosion (left claw)
 y - a +6 ring of strength
Wands
 A - a wand of flame (23)
Scrolls
 f - 5 scrolls of teleportation {unknown}
 h - a scroll of blinking {unknown}
 i - 3 scrolls of identify {unknown}
 k - a scroll of enchant weapon {unknown}
 l - a scroll of immolation {unknown}
 n - a scroll of poison {unknown}
 p - 2 scrolls of brand weapon {unknown}
 q - a scroll of silence {unknown}
Potions
 d - 2 potions of might
 e - 4 potions of curing {unknown}
 g - 2 potions of berserk rage {unknown}
 j - a potion of lignification {unknown}
 r - 2 potions of flight {unknown}
 t - 2 potions of haste {unknown}
 u - a potion of ambrosia {unknown}
 v - a potion of mutation {unknown}
 z - 2 potions of attraction {unknown}


   Skills:
 + Level 4.4 Fighting
 * Level 6.0 Maces & Flails
 - Level 2.4 Dodging
 - Level 2.6 Shields


You had 6 spell levels left.
You didn't know any spells.
Your spell library contained the following spells:

 Spells                   Type           Power      Damage    Failure   Level
 Blink                    Tloc           0%         N/A       88%         2
 Cigotuvi's Dreadful Rot  Necr/Pois/Air  0%         N/A       88%         2
 Lesser Beckoning         Tloc           0%         N/A       88%         2
 Momentum Strike          Conj/Tloc      0%         3d8       88%         2
 Sublimation of Blood     Necr           0%         N/A       88%         2
 Ignite Poison            Fire/Tmut/Pois 0%         N/A       98%         3
 Ozocubu's Armour         Ice            0%         N/A       98%         3
 Petrify                  Tmut/Erth      0%         N/A       100%        4
 Freezing Cloud           Conj/Ice/Air   0%         6-21      100%        5
 Irradiate                Conj/Tmut      0%         3d11      100%        5
 Iskenderun's Battlesphe  Conj           0%         2d6       100%        5
 Iron Shot                Conj/Erth      0%         9d1       100%        6
 Ozocubu's Refrigeration  Ice            0%         4d7       100%        7
 Spellforged Servitor     Conj/Summ      0%         N/A       100%        7


Dungeon Overview and Level Annotations

Branches:
Dungeon (5/15)
 Temple: D:4-7

Altars:
Gozag

Annotations:
D:4 1 runed translucent door, Crazy Yiuf
D:5 exclusion: jelly


Innate Abilities, Weirdness & Mutations

You are too large for most types of armour.
You have claws for hands.
Your natural rate of healing is unusually fast.
You are covered in fur. (AC +1)
You have tough skin. (AC +1)


Message History

You open the door.
There is an open door here.
A centaur comes into view.
The centaur shouts!
The centaur wields a +2 shortbow of electrocution.
You hear the crackle of electricity.
The centaur shoots an arrow.
The arrow closely misses you.
A centaur is nearby!
The centaur shoots an arrow.
The arrow hits you!
The centaur shoots an arrow.
The arrow hits you!
Found a stone staircase leading down.
The centaur shoots an arrow.
The arrow hits you!
The centaur shoots an arrow.
You block the arrow.
An ogre comes into view. It is wielding a +0 giant spiked club.
The centaur shoots an arrow.
The arrow hits you!
* * * LOW HITPOINT WARNING * * *
You are electrocuted!!
* * * LOW HITPOINT WARNING * * *
The centaur unwields a +2 shortbow of electrocution.
It stops crackling.
You block the centaur's attack.
The centaur kicks you but does no damage.
A dart slug comes into view.
The centaur hits you.
* * * LOW HITPOINT WARNING * * *
The centaur kicks you.
* * * LOW HITPOINT WARNING * * *
Okay, then.
Okay, then.
Unknown command.
You feel very mighty all of a sudden. The ogre misses you.
The centaur hits you but does no damage.
The centaur barely misses you.
You barely miss the ogre. The centaur hits you.
* * * LOW HITPOINT WARNING * * *
You block the centaur's attack.
The centaur hits you but does no damage.
The centaur barely misses you.
The ogre hits you with a +0 giant spiked club!!
You die...

..........#.....|#
#..########.###'##
#.. ###.###..## ..
..........#
..........#
..........#
..........#
..........#
....##..@## ....
#.Oc# ... +..w.
#..... ##.>##.
#+## .. ##


You could see an ogre, a centaur and a dart slug.

Vanquished Creatures
  Grinder (D:3)
  Sigmund (D:3)
  A phantom (D:4)
  An iguana (D:5)
  2 adders
  3 gnolls (D:4)
  2 ufetubi
  2 worms
  6 dart slugs
  8 orcs
  11 endoplasms
  A giant cockroach (D:4)
  8 hobgoblins
  6 jackals
  A quokka (D:1)
  5 ball pythons
  3 bats
  A frilled lizard (D:3)
  2 goblins
  5 kobolds
  5 rats
75 creatures vanquished.

Notes
Turn   | Place    | Note
-------+----------+-------------------------------------------
     0 | D:1      | cdecastro the Troll Fighter began the quest for the Orb.
     0 | D:1      | Reached XP level 1. HP: 22/22 MP: 0/0
   135 | D:1      | Reached skill level 2 in Maces & Flails
   322 | D:1      | Reached XP level 2. HP: 29/29 MP: 1/1
   937 | D:2      | Reached XP level 3. HP: 34/36 MP: 2/2
  1058 | D:2      | Reached skill level 3 in Maces & Flails
  1945 | D:3      | Noticed Sigmund
  1957 | D:3      | Killed Sigmund
  1958 | D:3      | Reached skill level 4 in Maces & Flails
  1958 | D:3      | Reached XP level 4. HP: 40/46 MP: 3/3
  1958 | D:3      | Reached XP level 5. HP: 46/53 MP: 4/4
  2319 | D:4      | Noticed Grinder
  2439 | D:3      | Killed Grinder
  2440 | D:3      | Reached skill level 5 in Maces & Flails
  2440 | D:3      | Reached XP level 6. HP: 34/62 MP: 5/5
  2615 | D:4      | Reached XP level 7. HP: 69/70 MP: 6/6
  2699 | D:4      | Found an opulent altar of Gozag.
  3008 | D:4      | Found a runed translucent door.
  3009 | D:4      | Noticed Crazy Yiuf
  3250 | D:5      | Entered Level 5 of the Dungeon
  3330 | D:5      | Reached skill level 6 in Maces & Flails
  3504 | D:5      | Annihilated by an ogre

Illustrated notes

Levels and vault maps discovered:
D:1:      dpeg_arrival_arbitrary_a, layout_loops_corners
D:2:      layout_basic, ebering_dispersal_statue_hall
D:3:      layout_loops_ring, uniq_sigmund
D:4:      layout_basic, nicolae_gozag_seed_capital,
          hangedman_abyss_or_decor_passed, minmay_stone_trees_medium,
          uniq_grinder, uniq_crazy_yiuf_cottage
D:5:      layout_gridville

Skill      XL: |  1  2  3  4  5  6  7 |
---------------+----------------------+-----
Maces & Flails | 2 4 5 6 |  6.0
Fighting       | 3 4 |  4.4
Dodging        | |  2.4
Shields        | |  2.6

Action                     |  1- 3 |  4- 6 |  7- 9 || total
---------------------------+-------+-------+-------++-------
  Melee: Unarmed           |   106 |    56 |    59 ||   221
    Use: Potion            |       |       |     1 ||     1
   Stab: Sleeping          |     1 |       |       ||     1
 Armour: Robe              |    17 |     8 |    19 ||    44
  Dodge: Dodged            |    17 |    18 |    29 ||    64
  Block: Kite shield       |    33 |    15 |    32 ||    80
